 Dungeon Crawl Stone Soup version 0.29.1-1-gd02db6906a (console) character file.

Game seed: 6223938629545383988

96 shmup the Insei (level 4, -1/35 HPs)
             Began as a Draconian Transmuter on Sept 13, 2022.
             Slain by a freezing wraith (22 damage)
             ... on level 1 of the Abyss on Sept 16, 2022.
             The game lasted 00:13:29 (1900 turns).

shmup the Insei (Draconian Transmuter)              Turns: 1900, Time: 00:13:29

Health: -1/35      AC:  5    Str: 12    XL:     4   Next: 41%
Magic:  7/7        EV: 12    Int: 15    God:
Gold:   122        SH:  0    Dex: 12    Spells: 2/7 levels left

rFire   . . .      SeeInvis .     - Unarmed
rCold   . . .      Faith    .   (no shield)
rNeg    . . .      Spirit   .   (body armour unavailable)
rPois   .          Reflect  .   (helmet restricted)
rElec   .          Harm     .   (no cloak)
rCorr   .          Rampage  .   (no gloves)
Will    .....                   (no boots)
Stlth   +.........              i - amulet of regeneration
HPRegen 0.91/turn               e - ring of wizardry
MPRegen 0.10/turn               (no ring)

@: slowed, very slow
A: AC +5, unfitting armour, cold-blooded
a: no special abilities


You were on level 1 of the Abyss.
You visited 1 branch of the dungeon, and saw 3 of its levels.
You visited the Abyss 1 time.

You collected 122 gold pieces.

Inventory:

Missiles
 b - 20 stones (quivered)
 k - 2 poisoned darts
 p - a throwing net
Armour
 j - a +0 ring mail
Jewellery
 e - a ring of wizardry (left hand)
 i - an amulet of regeneration (around neck)
Scrolls
 d - 2 scrolls of enchant armour {unknown}
 f - a scroll of fear {unknown}
 h - a scroll of teleportation {unknown}
 l - a scroll of magic mapping {unknown}
 m - 2 scrolls of identify {unknown}
Potions
 a - a potion of lignification
 c - 2 potions of curing {unknown}
 g - a potion of mutation {unknown}
 n - 2 potions of heal wounds {unknown}
 o - a potion of degeneration {unknown}


   Skills:
 - Level 1.1 Fighting
 - Level 1.8 Dodging
 + Level 4.7 Unarmed Combat
 - Level 2.0 Spellcasting
 + Level 3.0 Transmutations


You had 2 spell levels left.
You knew the following spells:

 Your Spells              Type           Power      Damage    Failure   Level
a - Beastly Appendage     Tmut           20%        N/A       2%          1
b - Passwall              Tmut/Erth      5%         N/A       8%          2
c - Wereblood             Tmut           10%        N/A       4%          2

Your spell library contained the following spells:

 Spells                   Type           Power      Damage    Failure   Level
 Ensorcelled Hibernation  Hex/Ice        2%         N/A       13%         2
 Spider Form              Tmut/Pois      6%         N/A       14%         3
 Swiftness                Air            1%         N/A       26%         3
 Ice Form                 Ice/Tmut       6%         N/A       41%         4
 Alistair's Intoxication  Tmut/Pois      4%         N/A       75%         5
 Borgnjor's Vile Clutch   Necr/Erth      0%         N/A       91%         5
 Eringya's Noxious Bog    Tmut/Pois      3%         N/A       99%         6


Dungeon Overview and Level Annotations

Branches:
Dungeon (3/15)

Altars:
Ru
Zin

Annotations:
D:1 exclusion: upstairs
D:2 Terence


Innate Abilities, Weirdness & Mutations

Your plain brown scales are hard. (AC +5)
You cannot fit into any form of body armour.
You are cold-blooded and may be slowed by cold attacks.


Message History

This branch contains the abyssal rune of Zot.
Found a gateway leading deeper into the Abyss.
Welcome back, shmup the Draconian Transmuter.
Press ? for a list of commands and other information.
HP restored.
An ufetubus comes into view.
The ufetubus shouts!
The ufetubus barely misses you. The ufetubus closely misses you.
The ufetubus hits you but does no damage.
The ufetubus closely misses you.
You closely miss the ufetubus. You tail-slap the ufetubus.
The ufetubus is moderately wounded.
The ufetubus closely misses you. x2
You hit the ufetubus.
You kill the ufetubus!
Your Transmutations skill increases to level 3!
You are suddenly pulled into a different region of the Abyss!
A freezing wraith comes into view.
You completely miss the freezing wraith.
Your tail-slap misses the freezing wraith.
You hit the freezing wraith but do no damage.
The freezing wraith hits you but does no damage. x2
You hit the freezing wraith but do no damage.
Your tail-slap misses the freezing wraith.
The freezing wraith barely misses you. x2
You closely miss the freezing wraith. You tail-slap the freezing wraith.
The freezing wraith is lightly damaged.
The freezing wraith hits you but does no damage.
The freezing wraith hits you.
You hit the freezing wraith.
The freezing wraith is lightly damaged.
The freezing wraith closely misses you.
The freezing wraith hits you but does no damage.
You hit the freezing wraith but do no damage.
The freezing wraith is lightly damaged.
The freezing wraith hits you!
* * * LOW HITPOINT WARNING * * *
The freezing wraith freezes you!!
You feel yourself slow down.
Ouch! That really hurt!
You die...

.... ..
▒▒.▒▒
▒▒...▒▒ ▒
.....▒
▒▒.▒▒▒.▒▒.
....
.........▒.▒
...
.........▒ ▒
...
...▒▒▒..▒ ▒
▒▒▒ ▒.W▒
▒.d▒
▒.........
▒..▒...▒..
▒..▒..▒▒
...▒ ▒▒
.▒... .▒▒▒▒
▒


You could see a freezing wraith.

Vanquished Creatures
  4 gnolls (D:2)
  2 adders (D:2)
  An ufetubus (Abyss:1)
  A dart slug (D:2)
  3 giant cockroaches (D:1)
  2 goblins (D:1)
  2 hobgoblins (D:1)
  4 jackals (D:1)
  3 quokkas (D:1)
  4 bats
  A frilled lizard (D:1)
  4 kobolds
  4 rats
35 creatures vanquished.

Notes
Turn   | Place    | Note
-------+----------+-------------------------------------------
     0 | D:1      | shmup the Draconian Transmuter began the quest for the Orb.
     0 | D:1      | Reached XP level 1. HP: 16/16 MP: 3/3
   128 | D:1      | Reached XP level 2. HP: 10/23 MP: 3/5
   677 | D:1      | Reached skill level 4 in Unarmed Combat
  1092 | D:2      | Reached XP level 3. HP: 27/28 MP: 4/6
  1132 | D:2      | Noticed Terence
  1475 | D:2      | Reached XP level 4. HP: 33/35 MP: 5/7
  1620 | D:2      | Learned a level 2 spell: Passwall
  1623 | D:2      | Learned a level 2 spell: Wereblood
  1653 | D:3      | Found a sacrificial altar of Ru.
  1692 | D:3      | Found a glowing silver altar of Zin.
  1826 | Abyss:1  | Cast into level 1 of the Abyss (orc)
  1827 | Abyss:1  | Upgraded the game from 0.29.1 to 0.29.1-1-gd02db6906a
  1890 | Abyss:1  | Noticed a freezing wraith
  1900 | Abyss:1  | Slain by a freezing wraith

Illustrated notes

Levels and vault maps discovered:
D:1:      dpeg_arrival_pits, layout_basic
D:2:      layout_loops_ring, ebering_ecumenical_altar_rust, uniq_terence
D:3:      minmay_general_purpose_star, layout_basic,
          mainiacjoe_overflow_concentric_impassable,
          lemuel_coloured_pillars_altar, nicolae_ru_the_path_less_chosen,
          serial_forest, infiniplex_forest_lined_3, infiniplex_forest_zigzag_1,
          infiniplex_forest_lined_2, infiniplex_forest_lined_4_way, st_stairs_1
Abyss:1:  base: D:2, base: D:2, due_exit_kobolds

Skill      XL: |  1  2  3  4 |
---------------+-------------+-----
Unarmed Combat | 4 |  4.7
Transmutations | 3 |  3.0
Fighting       | |  1.1
Dodging        | |  1.8
Spellcasting   | |  2.0

Action                   |  1- 3 |  4- 6 || total
-------------------------+-------+-------++-------
Melee: Unarmed           |   122 |    21 ||   143
       Tailslap          |    17 |     3 ||    20
       Kick              |     6 |     1 ||     7
       Headbutt          |     4 |     1 ||     5
       Punch             |     1 |       ||     1
 Cast: Beastly Appendage |     7 |       ||     7
       Passwall          |       |     1 ||     1
Armor: Skin              |    49 |     5 ||    54
Dodge: Dodged            |    70 |    13 ||    83
